 Dungeon Crawl Stone Soup version 0.18.1-5-g4a78601 (webtiles) character file.

6639 Gottschkopf the Brawler (level 10, -7/88 HPs)
             Began as a Troll Berserker on May 12, 2016.
             Was a High Priest of Trog.
             Shot with a bolt by an orc knight (24 damage)
             ... on level 1 of the Orcish Mines.
             The game lasted 00:18:04 (7019 turns).

Gottschkopf the Brawler (Troll Berserker)           Turns: 7019, Time: 00:18:04

Health: -7/88      AC:  7    Str: 30    XL:     10   Next: 72%
Magic:  9/9        EV: 10    Int:  3    God:    Trog [*****.]
Gold:   448        SH:  0    Dex:  9    Spells: 0 memorised, 9 levels left

rFire  . . .     SeeInvis .       - Unarmed
rCold  . . .     Gourm    +     B - +1 robe {MR+}
rNeg   . . .     Faith    .     (no shield)
rPois  .         Spirit   .     (helmet restricted)
rElec  .         Dismiss  .     r - +0 cloak
rCorr  .         Reflect  .     (gloves unavailable)
SustAt .         Harm     .     (boots unavailable)
MR     +....                    (no amulet)
Stlth  +.........               (no ring)
                                (no ring)

@: exhausted, slowed, very slow, somewhat resistant to hostile enchantments,
very unstealthy
A: unfitting armour, claws 3, fast metabolism 3, gourmand, regeneration 2,
shaggy fur 1, tough skin 2
a: Berserk, Trog's Hand, Brothers in Arms, Burn Spellbooks, Renounce Religion


You were on level 1 of the Orcish Mines.
You worshipped Trog.
Trog was extremely pleased with you.
You were very full.

You visited 4 branches of the dungeon, and saw 12 of its levels.

You collected 448 gold pieces.

Inventory:

Armour
 a - a +0 animal skin
 r - a +0 cloak (worn)
 B - a +1 robe of magic resistance (worn)
Wands
 n - a wand of teleportation (5/9)
 y - a wand of disintegration (12/24)
 E - a wand of lightning (8/15)
Scrolls
 c - 4 scrolls of remove curse {unknown}
 e - 4 scrolls of fog {unknown}
 f - 3 scrolls of enchant weapon {unknown}
 g - 8 scrolls of identify {unknown}
 i - 2 scrolls of random uselessness {unknown}
 m - 7 scrolls of teleportation {unknown}
 s - 2 scrolls of recharging {unknown}
 u - 3 scrolls of noise {unknown}
 w - 2 scrolls of amnesia {unknown}
 x - a scroll of enchant armour {unknown}
 C - a scroll of magic mapping {unknown}
Potions
 d - 2 potions of resistance {unknown}
 h - 3 potions of lignification {unknown}
 k - 2 potions of haste {unknown}
 p - 3 potions of might {unknown}
 q - a potion of cancellation {unknown}
 t - a potion of magic {unknown}
 v - a potion of mutation {unknown}
 z - a potion of invisibility {unknown}
 A - 4 potions of curing
 G - 10 potions of degeneration
Books
 F - a book of Ice

   Spells                             Type                      Level
   a - Ice Form                       Ice/Transmutation            4
   b - Metabolic Englaciation         Hexes/Ice                    5
   c - Ozocubu's Refrigeration        Ice                          6
   d - Bolt of Cold                   Conjuration/Ice              6
   e - Freezing Cloud                 Conjuration/Ice/Air          6
   f - Simulacrum                     Ice/Necromancy               6
   Trog disapproves of the use of such an item.
Comestibles
 b - 9 bread rations
 j - 3 meat rations
 l - 7 fruits
 o - a royal jelly
 D - 8 beef jerkies
 H - 13 chunks of flesh
 I - 2 slices of pizza


   Skills:
 - Level 2.4 Fighting
 - Level 2.4 Dodging
 * Level 15.7 Unarmed Combat


You had 9 spell levels left.
You didn't know any spells.

Dungeon Overview and Level Annotations

Branches:
Dungeon (9/15)             Temple (1/1) D:4            Lair (1/8) D:8
    Orc (1/2) D:9

Altars:
Ashenzari
Cheibriados
Gozag
Makhleb
Nemelex Xobeh
Pakellas
Qazlal
Ru
Trog
Vehumet
Xom
The Shining One


Innate Abilities, Weirdness & Mutations

You are too large for most types of armour.
You have claws for hands.
Your metabolism is lightning-fast.
You like to eat raw meat.
You heal very quickly.
You are covered in fur (AC +1).
You have very tough skin (AC +2).


Message History

The orc knight unwields an uncursed long sword.
The orc knight wields an arbalest.
The orc knight shoots a bolt.
The bolt hits you!!
An orc comes into view. It is wielding a hand axe.
Things that are here:
a bolt; a warg corpse You closely miss the troll.
The orc knight shoots a bolt.
The bolt hits you! The troll barely misses you. The troll claws you.
The troll claws you but does no damage.
The orc knight shoots a bolt.
The bolt hits you!
An orc priest comes into view.
You see here a bolt.
The orc knight shoots a bolt.
The bolt hits you!
* * * LOW HITPOINT WARNING * * *
The troll bites you!
* * * LOW HITPOINT WARNING * * *
The troll claws you but does no damage. x2
You see here a bolt.
The orc knight shoots a bolt.
The bolt hits you!!
You die...

.[[.......#................
)[[........#..........#...$
..........................$
...........#...............
.............#.........o.o.
...........................
..........#......#.........
.#.............#.#.........
...............)@(T(o.o....
............#.))..........#
...#...#....#..............
.......###.................
#.#...## ...#.#...#........
##...## ##.#####.###......$
###.## ### ### #...... #
### ......


You could see an orc knight, a troll and 2 orcs.

Vanquished Creatures
  Pikel (D:7)
  A troll (Orc:1)
  Grinder (D:3)
  A wraith (D:9)
  A wasp (D:7)
  3 yaks (D:9)
  2 hippogriffs (D:8)
  A hungry ghost (D:5)
  Menkaure (D:6)
  A warg (Orc:1)
  2 hell hounds (D:8)
  A swamp drake (D:9)
  7 orc warriors
  3 ice beasts
  2 phantoms
  3 slaves (D:7)
  A necrophage (D:9)
  2 centaurs
  4 ogres
  A crocodile (D:9)
  3 big kobolds
  9 giant frogs
  2 scorpions (D:9)
  The ghost of subsebi the Chopper, a weakling DsCK of Xom (D:3)
  A howler monkey (D:6)
  A crimson imp (D:8)
  2 giant frog zombies (D:8)
  A quasit (D:6)
  A hound (D:9)
  3 jellies
  A giant frog skeleton (D:9)
  10 orc priests
  10 orc wizards
  A centaur skeleton (D:8)
  Jessica (D:3)
  2 iguanas
  Terence (D:2)
  4 worker ants
  A worker ant zombie (D:6)
  5 adders
  A howler monkey skeleton (D:5)
  An adder skeleton (D:7)
  6 giant geckos
  38 orcs
  7 bats
  4 giant cockroaches
  5 goblins
  4 hobgoblins
  15 jackals
  19 kobolds
  7 quokkas
  2 giant newts (D:1)
  A jackal zombie (D:6)
  A quokka skeleton (D:5)
  15 rats
225 creatures vanquished.

Vanquished Creatures (others)
  A slave (D:7)
  An orc warrior (D:9)
  A hound (D:7)
  A killer bee zombie (D:7)
  An orc (D:7)
  A quokka (D:7)
6 creatures vanquished.

Grand Total: 231 creatures vanquished

Notes
Turn   | Place    | Note
--------------------------------------------------------------
     0 | D:1      | Gottschkopf the Troll Berserker began the quest for the Orb.
     0 | D:1      | Reached XP level 1. HP: 22/22 MP: 0/0
   436 | D:1      | Reached XP level 2. HP: 26/29 MP: 1/1
   962 | D:2      | Reached skill level 4 in Unarmed Combat
   975 | D:2      | Found an oddly glowing altar of Pakellas.
  1014 | D:2      | Reached XP level 3. HP: 26/36 MP: 2/2
  1045 | D:2      | Noticed Terence
  1055 | D:2      | Killed Terence
  1060 | D:2      | Reached ** piety under Trog
  1370 | D:2      | Reached XP level 4. HP: 42/44 MP: 3/3
  1421 | D:2      | Reached skill level 5 in Unarmed Combat
  1475 | D:3      | Found a radiant altar of Vehumet.
  1480 | D:3      | Noticed Jessica
  1489 | D:3      | Killed Jessica
  1533 | D:3      | Noticed Grinder
  1543 | D:3      | Killed Grinder
  1543 | D:3      | Reached skill level 7 in Unarmed Combat
  1543 | D:3      | Reached XP level 5. HP: 50/50 MP: 4/4
  1543 | D:3      | Reached XP level 6. HP: 59/59 MP: 5/5
  1613 | D:3      | Found a glowing golden altar of the Shining One.
  1614 | D:3      | Found a snail-covered altar of Cheibriados.
  1683 | D:3      | Noticed a moth of wrath
  1685 | D:3      | Found a bloodstained altar of Trog.
  1733 | D:3      | Noticed subsebi's ghost (weakling DsCK)
  1740 | D:3      | Killed subsebi's ghost
  1768 | D:3      | Found an opulent altar of Gozag.
  2369 | D:4      | Found a stormy altar of Qazlal.
  2388 | D:4      | Found a staircase to the Ecumenical Temple.
  2396 | Temple   | Entered the Ecumenical Temple
  2544 | D:4      | Found a shattered altar of Ashenzari.
  2708 | D:5      | Entered Level 5 of the Dungeon
  3042 | D:5      | Reached skill level 8 in Unarmed Combat
  3042 | D:5      | Reached XP level 7. HP: 63/66 MP: 6/6
  3090 | D:5      | Found a shimmering altar of Xom.
  3195 | D:5      | Noticed a hungry ghost
  3209 | D:5      | Killed a hungry ghost
  3365 | D:5      | Found a sacrificial altar of Ru.
  3399 | D:5      | Reached skill level 9 in Unarmed Combat
  3623 | D:6      | Reached *** piety under Trog
  3724 | D:6      | Reached XP level 8. HP: 49/74 MP: 7/7
  3729 | D:6      | Reached skill level 10 in Unarmed Combat
  3755 | D:6      | Found a burning altar of Makhleb.
  3774 | D:6      | Noticed Menkaure
  3787 | D:6      | Killed Menkaure
  4051 | D:6      | Found a sparkling altar of Nemelex Xobeh.
  4324 | D:7      | Noticed Pikel
  4332 | D:7      | Killed Pikel
  4332 | D:7      | Reached skill level 11 in Unarmed Combat
  4421 | D:7      | Reached XP level 9. HP: 74/80 MP: 8/8
  4579 | D:7      | Reached skill level 12 in Unarmed Combat
  5091 | D:8      | Reached skill level 13 in Unarmed Combat
  5127 | D:8      | Found a staircase to the Lair.
  5310 | Lair:1   | Entered Level 1 of the Lair of Beasts
  5312 | Lair:1   | Reached **** piety under Trog
  5824 | D:9      | Reached skill level 14 in Unarmed Combat
  5867 | D:9      | Reached XP level 10. HP: 71/88 MP: 9/9
  6251 | D:9      | Reached ***** piety under Trog
  6362 | D:9      | Found a staircase to the Orcish Mines.
  6498 | D:9      | Reached skill level 15 in Unarmed Combat
  6788 | Orc:1    | Entered Level 1 of the Orcish Mines
  7013 | Orc:1    | Noticed an orc knight
  7019 | Orc:1    | Shot with a bolt by an orc knight

Skill      XL: |  1  2  3  4  5  6  7  8  9 10 |
---------------+-------------------------------+-----
Unarmed Combat | 4 7 8 9 11 14 15 | 15.7
Fighting       | |  2.4
Dodging        | |  2.4

Action                   |  1- 3 |  4- 6 |  7- 9 | 10-12 || total
-------------------------+-------+-------+-------+-------++-------
Melee: Unarmed           |    85 |    83 |   260 |   187 ||   615
       Punch             |       |     1 |    15 |     8 ||    24
Invok: Berserk           |     1 |     2 |     4 |     3 ||    10
       Trog's Hand       |       |       |     1 |       ||     1
 Stab: Sleeping          |     1 |       |       |       ||     1
  Eat: Chunk             |    19 |    17 |    34 |    13 ||    83
Armor: Animal skin       |    29 |    21 |    48 |       ||    98
       Robe              |       |       |    56 |    46 ||   102
Dodge: Dodged            |    52 |    37 |   132 |    72 ||   293
